[Event "*** Titled Tuesday Blitz"]
[Site "Chess.com"]
[Date "2020.11.10"]
[Round "3"]
[White "goldenpuppy"]
[Black "Meri-Arabidze"]
[Result "0-1"]
[WhiteElo "2396"]
[BlackElo "2612"]
[TimeControl "180+1"]
[EndTime "10:32:27 PST"]
[Termination "Meri-Arabidze won on time"]

1. e4 c5 2. Nf3 e6 3. d4 cxd4 4. Nxd4 Nc6 5. Nxc6 bxc6 6. Nc3 d5 7. exd5 cxd5 8. Bb5+ Bd7 9. Qd3 Nf6 10. O-O Be7 11. f4 O-O 12. Be3 Rc8 13. Bxd7 Qxd7 14. Kh1 Qb7 15. Bd4 Nd7 16. Rae1 Bf6 17. Bxf6 Nxf6 18. Nd1 Ne4 19. f5 Qc6 20. c3 Qa4 21. a3 Qb3 22.
Rf3 exf5 23. Rxf5 Rcd8 24. Ref1 f6 25. Qd4 a6 26. Ne3 Qxb2 27. Nxd5 Ng5 28. Ne7+ Kh8 29. Qh4 Rfe8 30. Ng6+ Kg8 31. Qc4+ Nf7 32. Nf4 Rc8 33. Qxa6 Qxc3 34. Nd5 Qc4 35. Qb7 Nd6 36. Qd7 Nxf5 37. Qxf5 Re5 38. Nxf6+ gxf6 39. Qxf6 Qe6 40. Qf4 Re8 41.
h4 Re4 42. Qg5+ Qg6 43. Qd5+ Kh8 44. h5 Qg7 45. Rf7 Qa1+ 46. Kh2 R4e5 47. Qd7 Rxh5+ 48. Kg3 Qe5+ 49. Kf3 Qe2+ 0-1

[Event "*** Titled Tuesday Blitz"]
[Site "Chess.com"]
[Date "2020.11.10"]
[Round "3"]
[White "124chess"]
[Black "SerGo055"]
[Result "1-0"]
[WhiteElo "2733"]
[BlackElo "2438"]
[TimeControl "180+1"]
[EndTime "10:32:28 PST"]
[Termination "124chess won by checkmate"]

1. d4 Nf6 2. c4 e6 3. Nc3 d5 4.
cxd5 exd5 5. Bg5 c6 6. e3 Be7 7.
Bd3 Nbd7 8. Nf3 O-O 9. O-O Re8 10. Rb1 Ne4 11. Bf4 Ndf6 12. Qc2 Bf5 13. Ne5 Nxc3 14. bxc3 Bxd3 15. Qxd3 Qc8 16. c4 Bd6 17. Rfc1 Bxe5 18. Bxe5 dxc4 19. Qxc4 Nd5 20. Bg3 Qd7 21. Qb3 Re7 22. h3 Rae8 23. Bh4 f6 24. Bg3 Kh8 25.
a4 h5 26. Qc4 g5 27. h4 Qg4 28. hxg5 Qxg5 29. Qe2 Nxe3 30. Qf3 Nd5 31. a5 a6 32. Bd6 Rg7 33. Re1 Rd8 34. Bc5 Rdg8 35. Kf1 Qxg2+ 36. Qxg2 Rxg2 37. Rxb7 Nf4 38. f3 Rh2 39. Ree7 Rh1+ 40. Kf2 Rg2+ 41. Ke3 Nd5+ 42. Kd3 Rd1+ 43. Ke4 Re2+ 44. Kf5 Nxe7+ 45. Bxe7 Rxd4 46. Bxf6+ Kg8 47. Bxd4 Kf8 48. Rb6 Ke8 49. Rxa6 Rd2 50. Be5 Kd7 51. Ra7+ Kc8 52. a6 Kd8 53. Ke6 Rd5 54. Ra8# 1-0

[Event "*** Titled Tuesday Blitz"]
[Site "Chess.com"]
[Date "2020.11.10"]
[Round "3"]
[White "pavelalexandru07"]
[Black "Dr_Thomas_Quilter"]
[Result "1-0"]
[WhiteElo "2299"]
[BlackElo "2059"]
[TimeControl "180+1"]
[EndTime "10:32:29 PST"]
[Termination "pavelalexandru07 won by checkmate"]

1. e4 e5 2. Nf3 Nc6 3. Bb5 a6 4. Ba4 d6 5. O-O Bd7 6. c3 Nf6 7. Re1 g6 8. d4 Bg7 9. Nbd2 O-O 10. Nf1 Re8 11. Ng3 h5 12. Bg5 Qc8 13. Bb3 Bg4 14. h3 Bxf3 15. Qxf3 Nh7 16. Qxf7+ Kh8 17. Qxg6 exd4 18. Nxh5 Rg8 19. Bxg8 Qxg8 20. Nxg7 Qxg7 21. Qxg7+ Kxg7 22. Bd2 d3 23. Re3 Ne5 24. f4 Nc4 25. Rxd3 Nxb2 26. Rg3+ Kf7 27. Re1 Nc4 28. Bc1 Nf6 29. e5 Nd5 30. e6+ Kf6 31. h4 Rh8 32.
Rg5 Ne7 33. g3 Nf5 34. h5 d5 35. g4 Nfd6 36. e7 Ne4 37. Rf5+ Kg7 38. Rxd5 Ncd6 39. c4 c6 40. Re5 Nf6 41. g5 Ng4 42. h6+ Kf7 43.
e8=Q+ Nxe8 44. Rf5+ Kg6 45. Rc5 Nc7 46. Kg2 Rd8 47. Kg3 Rd6 48. Kxg4 b6 49. Rce5 c5 50. f5+ Kh7 51. Re7+ Kg8 52. Rxc7 Rd4+ 53. Kh5 Rd3 54.
Re8# 1-0

[Event "*** Titled Tuesday Blitz"]
[Site "Chess.com"]
[Date "2020.11.10"]
[Round "3"]
[White "eightbyeightchess"]
[Black "JonahWillow"]
[Result "1/2-1/2"]
[WhiteElo "2413"]
[BlackElo "2625"]
[TimeControl "180+1"]
[EndTime "10:32:32 PST"]
[Termination "Game drawn - insufficient material"]

1. e4 c5 2. Nf3 Nc6 3. d4 cxd4 4. Nxd4 g6 5. Nc3 Bg7 6. Be3 Nf6 7. Be2 O-O 8. f4 d6 9. Nb3 a6 10. g4 Na5 11. g5 Nd7 12. h4 Nxb3 13. axb3 Nc5 14. h5 b6 15. hxg6 hxg6 16. Bf3 Bb7 17. Qe2 Qc7 18. f5 Rfc8 19. f6 exf6 20. gxf6 Bxf6 21.
Qh2 Kf8 22. O-O-O Qe7 23. Bf4 Be5 24. Kb1 Ke8 25. Bxe5 Qxe5 26. Qh7 Ke7 27. Nd5+ Bxd5 28. exd5 Rh8 29. Rde1 Rxh7 30. Rxe5+ dxe5 31. Rxh7 e4 32. Bg2 Rd8 33. b4 Nd7 34. Rh4 Nf6 35. Bxe4 Nxd5 36.
Bxd5 Rxd5 37. c4 Rd2 38. Kc1 Rg2 39. c5 bxc5 40. bxc5 Kd7 41. Ra4 Kc6 42. Rxa6+ Kxc5 43. Rf6 g5 44. Rxf7 g4 45. Kb1 g3 46. Ka2 Kb4 47. Rg7 Rg1 48. Rg4+ Kb5 49. Kb3 g2 50.
Rg5+ Kc6 51. Kb4 Kd6 52. Kb5 Ke6 53. b4 Kf6 54. Rg8 Kf5 55. Kb6 Kf4 56. b5 Kf3 57.
Kb7 Rb1 58. b6 g1=Q 59. Rxg1 Rxg1 60. Ka8 Rg8+ 61. Ka7 Ke4 62. b7 Kd5 63. b8=Q Rxb8 64. Kxb8 1/2-1/2

[Event "*** Titled Tuesday Blitz"]
[Site "Chess.com"]
[Date "2020.11.10"]
[Round "3"]
[White "Ranindu2003"]
[Black "jens1102"]
[Result "0-1"]
[WhiteElo "2551"]
[BlackElo "2379"]
[TimeControl "180+1"]
[EndTime "10:32:32 PST"]
[Termination "jens1102 won by resignation"]

1. e4 e5 2. Nf3 Nc6 3. Bc4 Bc5 4. c3 Nf6 5. d3 O-O 6. Bb3 a6 7. h3 Ba7 8. Nbd2 d6 9. Nf1 Be6 10. Ng3 Re8 11. Nh2 d5 12. Qf3 dxe4 13. dxe4 Na5 14. Bc2 Nc4 15. Ng4 Nxg4 16. hxg4 Qd7 17. Nf5 Rad8 18.
Qh3 Bxf5 19. gxf5 h6 20. b3 Nb2 21. Bxh6 Bxf2+ 22. Kf1 Qb5+ 23. Kxf2 gxh6 24. Qxh6 Qb6+ 25. Qxb6 cxb6 26. Ke3 Rc8 27. Kd2 Red8+ 28. Ke2 Rxc3 29.
Rac1 Rdc8 30. Kd2 b5 31. Rh3 b4 32. Rxc3 bxc3+ 33. Ke2 Rd8 34. Ke3 Rd2 35. a4 Rxg2 36. Bd3 Rd2 37. Bf1 Nd1+ 38. Kf3 Rf2+ 39. Kg3 Rxf1 40.
Kg2 Re1 41. Kf3 Rf1+ 42. Ke2 Rh1 43. Rxd1 Rxd1 44. Kxd1 b5 45. Kc2 b4 46. Kd3 Kg7 47.
Kc2 Kf6 48. Kd3 Kg5 49. a5 Kf4 50. f6 Kg5 51. Kc2 Kxf6 0-1

[Event "*** Titled Tuesday Blitz"]
[Site "Chess.com"]
[Date "2020.11.10"]
[Round "3"]
[White "Shuvalov"]
[Black "A-Fier"]
[Result "0-1"]
[WhiteElo "2445"]
[BlackElo "2763"]
[TimeControl "180+1"]
[EndTime "10:32:33 PST"]
[Termination "A-Fier won by resignation"]

1. Nf3 Nf6 2. c4 e6 3. g3 d5 4.
Bg2 Be7 5. O-O O-O 6. b3 a5 7. Nc3 c6 8. e3 Nbd7 9. Bb2 a4 10. Nxa4 dxc4 11. bxc4 Qa5 12. Nc3 Rd8 13. Qc2 Nb6 14.
d3 Qh5 15. Ne2 Nbd7 16. d4 c5 17. Nf4 Qh6 18. d5 exd5 19. Nxd5 Nxd5 20. cxd5 Nf6 21.
e4 Bh3 22. Ne5 Bxg2 23. Kxg2 Bd6 24. f3 b5 25. Nc6 Re8 26. Rfe1 Qg6 27. Qb3 Nh5 28. e5 c4 29. Qxb5 Qc2+ 30. Kh1 c3 31. Bc1 Qf2 32. Qe2 Qc5 33. Qe4 Nf6 34. Qd4 Qxd4 35. Nxd4 Bxe5 36. Nc6 Bd6 37. Rxe8+ Rxe8 38. Bf4 Bxf4 39. gxf4 Nxd5 40. Rd1 c2 41. Rc1 Nxf4 42. h4 h5 43. Rxc2 Re3 44. Nd4 Rd3 45. Rc4 Ra3 46. Rc2 Rd3 47. Rc4 Nd5 48. a4 Ra3 49. Nb5 Rxf3 50. a5 Rf1+ 51. Kg2 Ra1 52. Rc5 Nf4+ 53. Kf3 Ne6 54. Rxh5 Rxa5 55. Rd5 Rxb5 56. Rxb5 Nd4+ 57. Kg4 Nxb5 58. Kf5 Nc7 59. h5 Ne6 60. Kg4 Kh7 61. Kf5 Kh6 62. Kg4 Ng5 63. Kh4 f5 64.
Kg3 Kxh5 65. Kf4 Kg6 66. Kg3 Kf6 0-1

[Event "*** Titled Tuesday Blitz"]
[Site "Chess.com"]
[Date "2020.11.10"]
[Round "3"]
[White "natelleka"]
[Black "Predatoru"]
[Result "0-1"]
[WhiteElo "2165"]
[BlackElo "2494"]
[TimeControl "180+1"]
[EndTime "10:32:33 PST"]
[Termination "Predatoru won on time"]

1. e4 e5 2. Nf3 Nc6 3. Bb5 a6 4. Ba4 Nf6 5. O-O Be7 6. Re1 b5 7. Bb3 d6 8. c3 O-O 9. h3 Nb8 10. d4 Nbd7 11. a4 Bb7 12. Qd3 c6 13. Nbd2 Qc7 14.
Nf1 c5 15. axb5 axb5 16. Rxa8 Bxa8 17. Qxb5 Bxe4 18. dxe5 dxe5 19. Ng5 Bg6 20. Ng3 h6 21. N5e4 Rb8 22. Qc4 Nb6 23. Qe2 c4 24. Bc2 Nfd5 25. Rd1 Re8 26. Qg4 Qc8 27. Qxc8 Rxc8 28. Kf1 Bh4 29. Nd6 Bxc2 30. Nxc8 Bxd1 31. Nxb6 Nxb6 32. Ne4 Bc2 33. Nd6 Bd3+ 34. Ke1 Nd5 35. Nb7 Be7 36. Na5 Bc5 37. Nc6 f6 38. f3 Ne3 39. Nd8 Nxg2+ 40. Kd2 Be3+ 41. Kd1 Bxc1 42. Kxc1 Nf4 43. Kd2 Bf1 44. h4 Kf8 45. Nb7 Ke7 46. Na5 Kd6 47. Ke3 Kc5 48. Ke4 Bd3+ 49. Ke3 Ng2+ 50.
Kf2 Nxh4 51. Kg3 Nf5+ 52. Kg4 Ne3+ 53. Kh5 Nd1 54. b4+ Kb5 0-1

[Event "*** Titled Tuesday Blitz"]
[Site "Chess.com"]
[Date "2020.11.10"]
[Round "3"]
[White "akanga001"]
[Black "Blitzking642"]
[Result "0-1"]
[WhiteElo "1910"]
[BlackElo "2266"]
[TimeControl "180+1"]
[EndTime "10:32:33 PST"]
[Termination "Blitzking642 won on time"]

1. d4 Nf6 2. c4 e6 3. Nf3 c5 4. d5 exd5 5. cxd5 d6 6. Nc3 g6 7.
e4 a6 8. a4 Bg4 9. Be2 Bxf3 10. Bxf3 Nbd7 11. O-O Bg7 12. Bf4 Qe7 13. Re1 Ne5 14.
Be2 O-O 15. Bg3 g5 16. Qd2 h6 17. a5 Rfe8 18. Bf1 Nh5 19. Na4 Ng6 20. Nb6 Rad8 21. f3 Nxg3 22. hxg3 Qe5 23. Kh2 Qxb2 24. Qxb2 Bxb2 25.
Ra2 Bd4 26. Nc4 Ne5 27. Ne3 Bxe3 28. Rxe3 f5 29. Rb2 Re7 30. Rb6 f4 31. gxf4 gxf4 32.
Reb3 Rdd7 33. Be2 Kg7 34. Bd1 Kf6 35. g3 fxg3+ 36. Kxg3 Rg7+ 37. Kf2 Nc4 38. f4 Nxb6 39. Rxb6 Ke7 40. Bh5 Kd8 41. Bf3 Kc7 42. e5 Rge7 43. e6 Rd8 44. Bg4 Rg8 45. Kf3 Reg7 46. Bh5 Rg3+ 47.
Ke4 Rh3 48. Bf7 Rf8 49. Kf5 Rg3 50. Rb2 Rg7 51. Kf6 Rgg8 52. f5 h5 0-1

[Event "*** Titled Tuesday Blitz"]
[Site "Chess.com"]
[Date "2020.11.10"]
[Round "3"]
[White "RaunakSadhwani2005"]
[Black "sjam6687"]
[Result "1/2-1/2"]
[WhiteElo "2984"]
[BlackElo "2716"]
[TimeControl "180+1"]
[EndTime "10:32:35 PST"]
[Termination "Game drawn by repetition"]

1. c4 e5 2. Nc3 Bb4 3. Nd5 Be7 4. Nf3 d6 5. d4 e4 6. Nd2 f5 7.
e3 Nf6 8. Nxe7 Qxe7 9. Be2 O-O 10. O-O d5 11. cxd5 Nxd5 12. Nc4 Be6 13. Qc2 c6 14. b3 Nd7 15. Ba3 c5 16. dxc5 Nxc5 17. Rac1 Rfc8 18. Qd2 b6 19. Rfd1 Qc7 20. Nb2 Qe5 21. b4 Nb7 22. Ba6 Rxc1 23. Rxc1 Nd6 24. Nc4 Nxc4 25. Bxc4 Rd8 26. Rd1 Rd7 27. Bb2 Qc7 28. Qd4 a5 29. b5 Kf8 30. Qe5 Qxe5 31. Bxe5 g6 32. Rc1 Ke7 33.
a3 Nc7 34. Bf1 Nd5 35. Bd4 g5 36. g3 h5 37. h4 g4 38. Rc6 Rd6 39. Rc1 Rd7 40.
Be2 Rd6 41. Kf1 Rd7 42. Ke1 Rd8 43. Rc2 Rd7 44. Bc4 Rc7 45. Rc1 Nf6 46. Bxe6 Rxc1+ 47.
Kd2 Rb1 48. Bc4 Nd7 49. Kc2 Rg1 50. Kd2 Rb1 51. Kc2 Rg1 52. Kd2 Rb1 1/2-1/2

[Event "*** Titled Tuesday Blitz"]
[Site "Chess.com"]
[Date "2020.11.10"]
[Round "3"]
[White "Natalya_Buksa"]
[Black "Funo09"]
[Result "0-1"]
[WhiteElo "2574"]
[BlackElo "2821"]
[TimeControl "180+1"]
[EndTime "10:32:35 PST"]
[Termination "Funo09 won by resignation"]

1. d4 Nf6 2. Nc3 d5 3. Bf4 e6 4. e3 Bd6 5. Bd3 c5 6. dxc5 Bxc5 7. Nf3 O-O 8. O-O b6 9. e4 Bb7 10. Qe2 d4 11. Nb5 a6 12. Na3 Nbd7 13. e5 Nd5 14.
Bxh7+ Kxh7 15. Ng5+ Kg8 16. Qh5 N7f6 17. exf6 Nxf6 18.
Qh3 Qd5 19. Rad1 e5 20. Bc1 Rad8 21. c4 Qc6 22. Nc2 Rfe8 23. Kh1 a5 24. b3 Bc8 25. Qh4 Bf5 26. Na3 Ne4 27. Nb5 d3 28. Nxe4 Bxe4 29. f3 Bg6 30. Bd2 e4 31. fxe4 Bxe4 32. Qg4 Bg6 33. Nc3 Rd4 34. Qf3 Qd7 35. Nd5 Be4 36.
Qg3 Bxd5 37. cxd5 Rxd5 38. Bc3 f6 39. Bxf6 d2 40. Bc3 Rd3 41. Rxd2 Rxd2 42. Bxd2 Qxd2 43.
h3 Qd7 44. a4 Qe6 45. Qd3 Bd6 46. Rd1 Be7 47. Qd4 Bf6 48. Qd3 Qe3 49. Qc4+ Kh8 50. Rd5 Qe1+ 51. Kh2 Be5+ 52. Rxe5 Qxe5+ 53. Kg1 Qc5+ 0-1

[Event "*** Titled Tuesday Blitz"]
[Site "Chess.com"]
[Date "2020.11.10"]
[Round "3"]
[White "ENajer77"]
[Black "freshfoodcompany"]
[Result "1-0"]
[WhiteElo "2677"]
[BlackElo "2419"]
[TimeControl "180+1"]
[EndTime "10:32:35 PST"]
[Termination "ENajer77 won on time"]

1. d4 d5 2. c4 c6 3. Nf3 Nf6 4. g3 e6 5. Bg2 dxc4 6. O-O Be7 7. Ne5 O-O 8. Nc3 Nbd7 9. Nxc4 Nb6 10. Ne5 Nbd7 11. Nd3 Nb8 12. Nf4 b6 13. e4 Bb7 14.
e5 Nd5 15. Ncxd5 cxd5 16. Qg4 Nd7 17. Nh5 g6 18. Bh6 Re8 19. Rfd1 Bf8 20. Bxf8 Rxf8 21. Kf1 Kh8 22. Nf4 Re8 23. Kg1 Rc8 24. Rac1 Qe7 25. a3 Rxc1 26. Rxc1 Rc8 27. Rxc8+ Bxc8 28. h4 Bb7 29. h5 Nf8 30. h6 Nd7 31. Nh3 f5 32.
Qg5 Qxg5 33. Nxg5 Nf8 34. Bf1 Kg8 35. Bb5 Bc8 36. Be8 Kh8 37. Kf1 Kg8 38. Ke1 Bd7 39.
Bxd7 Nxd7 40. Nxe6 Nb8 41. Kd2 Nc6 42. Kc3 Kf7 43.
Ng5+ Kg8 44. Nh3 Kf7 45. f3 Ne7 46. Ng5+ Kg8 47. g4 Kh8 48. a4 Kg8 49. b4 fxg4 50.
fxg4 1-0

[Event "*** Titled Tuesday Blitz"]
[Site "Chess.com"]
[Date "2020.11.10"]
[Round "3"]
[White "Bastiandash"]
[Black "amiralfio"]
[Result "1-0"]
[WhiteElo "2363"]
[BlackElo "2532"]
[TimeControl "180+1"]
[EndTime "10:32:35 PST"]
[Termination "Bastiandash won by resignation"]

1. d4 d5 2. Nf3 Nf6 3. Bg5 Nbd7 4. Nbd2 e6 5. e3 c5 6. c3 Bd6 7.
Bd3 Qc7 8. O-O h6 9. Bh4 g5 10. Bg3 e5 11. dxe5 Nxe5 12. Nxe5 Bxe5 13. Bxe5 Qxe5 14.
Bb5+ Kf8 15. Be2 Be6 16. Qb3 Qc7 17. Qc2 Kg7 18. e4 Rhe8 19. exd5 Nxd5 20. Bf3 Nf4 21.
Rfe1 Rad8 22. Rad1 Nd3 23. Re3 Bf5 24. Be4 Bxe4 25.
Nxe4 c4 26. Ng3 Rxe3 27. Nf5+ Kg6 28. Nxe3 b5 29. Qe2 Qf4 30. g3 Qe4 31. b3 Re8 32.
bxc4 bxc4 33. Qf1 f5 34. Rb1 f4 35. Ng2 f3 36. Ne3 Ne5 37. Qh3 h5 38. Rd1 g4 39.
Qh4 Kh6 40. Rd6+ Ng6 41. Qf6 Qb1+ 42. Rd1 Qe4 43. Nf5+ Qxf5 44. Qxf5 Re2 45. h3 gxh3 46. Qxh3 h4 47. Qf5 Kg7 48. Qxf3 Kh6 49. Qxe2 hxg3 50. fxg3 Kg5 51. Qe3+ Kf6 52. Rd6+ Kf5 53. Rxg6 Kxg6 54. Qf4 1-0

[Event "*** Titled Tuesday Blitz"]
[Site "Chess.com"]
[Date "2020.11.10"]
[Round "3"]
[White "S2PAc"]
[Black "Obito24"]
[Result "0-1"]
[WhiteElo "2802"]
[BlackElo "2590"]
[TimeControl "180+1"]
[EndTime "10:32:36 PST"]
[Termination "Obito24 won on time"]

1. d4 Nf6 2. g3 d6 3. Bg2 g6 4. e4 Bg7 5. Nc3 O-O 6. Nge2 c6 7. O-O e5 8. a4 a5 9. h3 Re8 10. Be3 Na6 11. g4 Qc7 12. Ng3 Nb4 13. Nce2 b6 14. c3 Na6 15. g5 Nd7 16. f4 exd4 17. cxd4 Nb4 18. f5 Ba6 19. f6 Bf8 20. Rc1 c5 21.
Qd2 Nd3 22. Rc3 d5 23. e5 c4 24. Qxd3 cxd3 25. Rxc7 dxe2 26. Rb1 Rad8 27. Bf3 Nxe5 28. dxe5 d4 29. Bf4 d3 30. Ne4 Bb4 31. Kf2 Rd4 32. Be3 Rd5 33. Bf4 Rd4 34. Be3 Rd5 35. Nc3 Rdxe5 36. Bd2 Bc5+ 37. Kg2 Bd6 38. Rd7 Bc5 39. Re1 Be3 40. Bxe3 Rxe3 41. Nd5 d2 42. Ne7+ R3xe7 43. Rxd2 Re3 44. Kf2 R3e5 45. h4 h6 46. Bxe2 hxg5 47. hxg5 Rf5+ 48. Kg3 Re3+ 0-1

[Event "*** Titled Tuesday Blitz"]
[Site "Chess.com"]
[Date "2020.11.10"]
[Round "3"]
[White "Unknown_IM"]
[Black "26andrej26"]
[Result "1-0"]
[WhiteElo "2363"]
[BlackElo "2531"]
[TimeControl "180+1"]
[EndTime "10:32:36 PST"]
[Termination "Unknown_IM won by resignation"]

1. e4 c5 2. Nf3 d6 3. c3 Nf6 4. Be2 g6 5. O-O Bg7 6. Bb5+ Bd7 7. Bxd7+ Nbxd7 8. Re1 O-O 9. d4 e5 10. h3 Re8 11. d5 h6 12. a4 Nh5 13. Na3 Nf4 14.
Bxf4 exf4 15. Nc4 Nf6 16. Qd3 Qd7 17. Rab1 Rad8 18. b3 Re7 19. Rbd1 Rde8 20. Nxd6 Qxd6 21. e5 Qxd5 22. Qxd5 Nxd5 23. Rxd5 b6 24. Re4 g5 25. c4 Kh7 26. h4 Kg6 27. hxg5 hxg5 28. g3 Kf5 29.
Re2 Bxe5 30. g4+ Kf6 31. Kg2 Re6 32. Kg1 R8e7 33. Kg2 a5 34. Kg1 Re8 35. Kg2 R8e7 36. Kf1 Bc3 37. Rf5+ Kg7 38. Rxg5+ Kf8 39. Rxe6 fxe6 40.
Rh5 e5 41. Rh6 e4 42. Ng5 e3 43. Ne6+ Kf7 44. Nxf4 e2+ 45. Nxe2 Bd2 46. Rh7+ Ke8 47.
Rxe7+ Kxe7 48. f4 Ke6 49. Kf2 Bb4 50. Kf3 Kf6 51. Ke4 Ke6 52. g5 Kf7 53. f5 Bd2 54. Nf4 Bc1 55. g6+ Kf6 56. Nd5+ Kg7 57. Nxb6 Kf6 58.
Nd7+ 1-0

[Event "*** Titled Tuesday Blitz"]
[Site "Chess.com"]
[Date "2020.11.10"]
[Round "3"]
[White "profofchess"]
[Black "malakismayil"]
[Result "1-0"]
[WhiteElo "2442"]
[BlackElo "2237"]
[TimeControl "180+1"]
[EndTime "10:32:36 PST"]
[Termination "profofchess won by checkmate"]

1. e4 e5 2. Nf3 Nc6 3. Nc3 Nf6 4. Bb5 d6 5. d4 exd4 6. Nxd4 Bd7 7. Bxc6 bxc6 8. Qf3 c5 9. Nf5 Bxf5 10. Qxf5 Be7 11.
b3 Qd7 12. Qxd7+ Nxd7 13. Bb2 Bf6 14. O-O-O Nb6 15. Nb5 Bxb2+ 16. Kxb2 Kd7 17. c4 a6 18. Nc3 Rhe8 19. Rhe1 Kc6 20. f4 f6 21. Re2 Rab8 22.
Kc2 Re7 23. Nd5 Nxd5 24. exd5+ Kd7 25. Rxe7+ Kxe7 26. Re1+ Kd7 27. Kb2 Rb7 28. g4 c6 29.
dxc6+ Kxc6 30. Re8 Rd7 31. Kc3 d5 32. cxd5+ Kxd5 33.
f5 Kc6 34. Re6+ Kb5 35. a4+ Ka5 36. Kc4 Rb7 37. Re3 Kb6 38. a5+ Kxa5 39. Kxc5 Rc7+ 40.
Kd6 Rb7 41. Ke6 Kb4 42. h4 Ka3 43. g5 fxg5 44. hxg5 a5 45. f6 gxf6 46. gxf6 Rxb3 47. Rxb3+ Kxb3 48. f7 a4 49. f8=Q a3 50. Qf3+ Kb2 51. Qe2+ Kb1 52. Qd3+ Kb2 53. Qd2+ Kb1 54. Qb4+ Ka2 55.
Kd5 h5 56. Kc4 h4 57. Kc3 h3 58. Qb3+ Ka1 59. Qxa3+ Kb1 60. Qb2# 1-0

[Event "*** Titled Tuesday Blitz"]
[Site "Chess.com"]
[Date "2020.11.10"]
[Round "3"]
[White "DenLaz"]
[Black "Beltraxtor"]
[Result "0-1"]
[WhiteElo "2748"]
[BlackElo "2557"]
[TimeControl "180+1"]
[EndTime "10:32:37 PST"]
[Termination "Beltraxtor won by checkmate"]

1. d4 d5 2. c4 c6 3. Nf3 Nf6 4. Qc2 dxc4 5. Qxc4 Bf5 6. g3 e6 7. Bg2 Nbd7 8. O-O Be7 9. Qb3 Qb6 10. Nbd2 Ne4 11.
Nc4 Qxb3 12. axb3 O-O 13. Na5 Rab8 14. Bf4 Bd6 15. Bxd6 Nxd6 16. e3 Be4 17. Nc4 Nb5 18. Ncd2 Bd3 19. Rfc1 Rfc8 20. b4 Re8 21. Nb3 e5 22.
dxe5 Nxe5 23. Nxe5 Rxe5 24. Nc5 Bf5 25. e4 Bc8 26. f4 Re8 27. e5 Nd4 28. Rc4 Nb5 29.
Rd1 Bg4 30. Rd2 Red8 31. Rxd8+ Rxd8 32. h3 Rd1+ 33. Kh2 Bc8 34. Rc2 Nd4 35. Rf2 Kf8 36.
g4 b6 37. Ne4 Ke7 38. Nd6 Be6 39. f5 Bd5 40. Bxd5 cxd5 41. Kg3 f6 42. exf6+ gxf6 43.
Nc8+ Kd7 44. Nxa7 Rd3+ 45. Kh4 Nf3+ 46. Kh5 Ng5 47. h4 Rh3 48. Nb5 Ke7 49. Nc3 Kf7 50. Rg2 Nf3 51. Rh2 Rxh2 52. Kh6 Rxh4# 0-1

[Event "*** Titled Tuesday Blitz"]
[Site "Chess.com"]
[Date "2020.11.10"]
[Round "3"]
[White "Iskusnyh"]
[Black "zmeeed67"]
[Result "1-0"]
[WhiteElo "2572"]
[BlackElo "2375"]
[TimeControl "180+1"]
[EndTime "10:32:38 PST"]
[Termination "Iskusnyh won by resignation"]

1. d4 Nc6 2. Nf3 d6 3. c4 Bg4 4. d5 Ne5 5. Nxe5 dxe5 6. Nc3 Nf6 7. Qb3 Qc8 8. e4 g6 9. Be3 Bg7 10. h3 Bd7 11. Be2 O-O 12. Rc1 c5 13. dxc6 Bxc6 14.
Nd5 Re8 15. Qd3 e6 16. Nxf6+ Bxf6 17. O-O Rd8 18. Qc2 h5 19. b4 b6 20. Rfd1 Qb7 21. Bf3 Rxd1+ 22. Rxd1 Rc8 23. Qd3 Be7 24. a3 Rd8 25.
Qc3 Bxe4 26. Rxd8+ Bxd8 27. Qxe5 Bxf3 28. gxf3 Qc7 29.
Qxc7 Bxc7 30. c5 Kf8 31. Kf1 Ke7 32. Ke2 Kd7 33. Kd3 Kc6 34. Kc4 b5+ 35. Kd3 a5 36. Ke4 axb4 37. axb4 f6 38. Bd4 e5 39. Bc3 Bd8 40.
f4 exf4 41. Kxf4 Bc7+ 42. Ke4 Bd8 43. f4 Be7 44. f5 g5 45. Bd4 Bd8 46. Bc3 Be7 47. Be1 Bd8 48. Bg3 Be7 49. Bb8 Bd8 50. Bd6 g4 51. hxg4 hxg4 52. Kf4 g3 53. Kxg3 Kd5 54.
Kg4 Kc4 55. c6 Kd5 56. c7 Bxc7 57. Bxc7 1-0

[Event "*** Titled Tuesday Blitz"]
[Site "Chess.com"]
[Date "2020.11.10"]
[Round "3"]
[White "PavlovDanila"]
[Black "Oleksandr_Bortnyk"]
[Result "0-1"]
[WhiteElo "2670"]
[BlackElo "2917"]
[TimeControl "180+1"]
[EndTime "10:32:39 PST"]
[Termination "Oleksandr_Bortnyk won by resignation"]

1. e4 Nf6 2. Nc3 d5 3. e5 Nfd7 4. d4 c5 5. f4 cxd4 6. Nce2 Nc6 7. Nf3 Ndb8 8. Nexd4 Bg4 9. Be2 e6 10. Be3 Qb6 11.
O-O Bxf3 12. Rxf3 Nxd4 13. Bxd4 Bc5 14. Bxc5 Qxc5+ 15. Kh1 Nc6 16. c3 O-O 17. Bd3 f5 18. exf6 Rxf6 19. Qe2 Raf8 20. Re1 g6 21. Ref1 Kg7 22.
h4 d4 23. Be4 Ne7 24. cxd4 Qxd4 25. g3 Qa4 26. b3 Qb4 27. Rd1 R8f7 28. h5 gxh5 29. Rfd3 h4 30. Rd4 Qc3 31. Qg4+ Ng6 32. R4d3 Qb4 33. Rd4 Qc3 34. R4d3 Qa5 35. Rf1 hxg3 36.
Rxg3 Qd2 37. Bxg6 Rxg6 38. Qh4 Qxa2 39. Rfg1 Qd2 40. Qh5 Qd5+ 41. Qxd5 exd5 42. Rxg6+ hxg6 43. Rd1 Rxf4 44. Rxd5 Rb4 45. Rd3 a5 46. Kg2 b5 47.
Kf3 a4 48. bxa4 bxa4 49. Ke2 Rb2+ 50. Kd1 Ra2 51. Kc1 Kf6 52. Kb1 Re2 53. Rd4 a3 54. Rd6+ Kf5 55. Ra6 Re3 56. Kc2 g5 57. Kd2 Rh3 58. Ke2 a2 59. Kf2 Rh1 60. Ra5+ Kg6 61. Rxa2 Rh2+ 62. Kg3 Rxa2 0-1

[Event "*** Titled Tuesday Blitz"]
[Site "Chess.com"]
[Date "2020.11.10"]
[Round "3"]
[White "MITerryble"]
[Black "Witik"]
[Result "1-0"]
[WhiteElo "2915"]
[BlackElo "2662"]
[TimeControl "180+1"]
[EndTime "10:32:40 PST"]
[Termination "MITerryble won on time"]

1. d4 d5 2. Bg5 h6 3. Bh4 c6 4. e3 Qb6 5. b3 Bf5 6. Nf3 e6 7. Bd3 Bxd3 8. Qxd3 Nd7 9. O-O Ngf6 10. Nbd2 Be7 11.
e4 dxe4 12. Nxe4 O-O 13. a4 a5 14. Ned2 Rfe8 15. Nc4 Qa6 16. Rfd1 Rad8 17. Qd2 Bb4 18. c3 Be7 19. Qc2 Nb6 20. Nfe5 Nbd5 21. h3 Nh5 22. Bxe7 Rxe7 23. Re1 Qa7 24. Na3 Qb8 25. g3 Nhf6 26.
Nac4 Qc7 27. Nd3 Nd7 28. Re4 c5 29. Rd1 cxd4 30. Rxd4 Rc8 31. Qd2 Nc5 32. Nxc5 Qxc5 33. Qe1 Rd7 34. Qe5 b5 35. axb5 Qxb5 36. Nd6 Qb8 37.
Nc4 Rdc7 38. Nxa5 Rxc3 39. Qxb8 Rxb8 40. Rc4 Rxc4 41. bxc4 Nf6 42. Rc1 Kf8 43. c5 Rc8 44. c6 Nd5 45. Kg2 Ke7 46. h4 Kd6 47. Nb7+ Kc7 48.
Nc5 Kd6 49. Ne4+ Ke5 50. Kf3 Ra8 51. Nd2 Rc8 52. Nc4+ Kd4 53. Nd6 1-0

[Event "*** Titled Tuesday Blitz"]
[Site "Chess.com"]
[Date "2020.11.10"]
[Round "3"]
[White "sm_sharon"]
[Black "Trickov"]
[Result "0-1"]
[WhiteElo "2124"]
[BlackElo "2334"]
[TimeControl "180+1"]
[EndTime "10:32:40 PST"]
[Termination "Trickov won on time"]

1. e4 c5 2. Nf3 d6 3. Nc3 Nf6 4. Bb5+ Nbd7 5. d4 cxd4 6. Nxd4 a6 7. Bxd7+ Bxd7 8. O-O e6 9. Kh1 Be7 10. f4 Qc7 11. a3 O-O 12. Be3 Rfe8 13. Qf3 Rac8 14.
Rad1 b5 15. Rd2 Qc4 16. Qe2 b4 17. Qxc4 Rxc4 18. axb4 Rxb4 19. b3 Rc8 20. Rd3 e5 21.
fxe5 dxe5 22. Nf5 Bxf5 23. Rxf5 Ng4 24. Nd5 Rb7 25. Nxe7+ Rxe7 26. c4 g6 27. Rf1 Nxe3 28.
Rxe3 Rd7 29. Kg1 Rd2 30. Rf2 Rcd8 31. Rxd2 Rxd2 32. Kf1 Kf8 33. Re2 Rd3 34. Rb2 Re3 35.
Kf2 Rxe4 36. Ra2 Rd4 37. Rxa6 Rd2+ 38. Kf1 Rb2 39. Rb6 e4 40. c5 Ke7 41. Rb7+ Ke6 42.
b4 Kd5 43. Ke1 f5 44. Rc7 Rxb4 45. Rxh7 Kxc5 46. Rd7 Rd4 47. Rg7 Rd6 48. Ke2 Kd4 49. Ra7 Rb6 50. Ra4+ Ke5 51. Ra5+ Kf4 52. g3+ Kg4 53. Kf2 Rb2+ 54. Kg1 Kf3 55. Ra3+ e3 0-1

[Event "*** Titled Tuesday Blitz"]
[Site "Chess.com"]
[Date "2020.11.10"]
[Round "3"]
[White "ajdemipopushi"]
[Black "vinniethepooh"]
[Result "0-1"]
[WhiteElo "2397"]
[BlackElo "2616"]
[TimeControl "180+1"]
[EndTime "10:32:41 PST"]
[Termination "vinniethepooh won by checkmate"]

1. Nf3 d5 2. g3 c6 3. c4 Nf6 4.
Bg2 g6 5. b3 Bg7 6. Bb2 O-O 7.
O-O Nbd7 8. d4 b5 9. Nbd2 bxc4 10. bxc4 Rb8 11. Qc2 Nb6 12. Ne5 Bf5 13. e4 dxe4 14.
Nxc6 Qc7 15. Nxb8 e3 16. Ne4 Rxb8 17. fxe3 Qxc4 18. Qxc4 Nxc4 19. Nxf6+ Bxf6 20. Bc1 h5 21. Bd5 Nd6 22. Ba3 Rb5 23. Bg2 Ne4 24. Rab1 Ra5 25.
Rb8+ Kg7 26. Rf4 Rxa3 27. Bxe4 Bg5 28. Bxf5 Bxf4 29. gxf4 gxf5 30. Kf2 Rxa2+ 31. Kf3 Rxh2 32. Rb7 e6 33. Rxa7 h4 34. Rd7 Rd2 35. Rb7 h3 36. Rb1 h2 37. Rh1 Kf6 38. Kg3 Re2 39. Kf3 Ra2 40.
Kg3 Re2 41. Kf3 Rc2 42. Re1 Ke7 43. Rh1 Kd6 44. Kg3 Kd5 45. Re1 Ke4 46. Kh3 Kf3 47.
d5 exd5 48. Rd1 Kxe3 49. Rb1 Kxf4 50. Rb4+ Ke5 51. Rb1 d4 52. Re1+ Kd5 53. Rf1 d3 54. Rxf5+ Ke4 55. Rxf7 h1=Q+ 56. Kg4 Rg2# 0-1